 Dungeon Crawl Stone Soup version 0.28-a0-10-g964c8b829e (webtiles) character file.

Game seed: 12162269231716316639

55 RichitheSlayer the Skirmisher (level 4, -56/28 HPs)
             Began as a Kobold Chaos Knight on July 25, 2021.
             Was a Plaything of Xom.
             Blown up by Natasha the orb spider (shapeshifter) (57 damage)
             ... with an orb of destruction
             ... on level 2 of the Dungeon.
             The game lasted 00:02:47 (1662 turns).

RichitheSlayer the Skirmisher (Kobold Chaos Knight) Turns: 1662, Time: 00:02:47

Health: -56/28     AC:  7    Str: 10    XL:     4   Next: 14%
Magic:  4/4        EV: 14    Int: 13    God:    Xom [...*..]
Gold:   25         SH:  0    Dex: 14    Spells: 3/3 levels left

rFire   . . .      SeeInvis .   a - +0 hand axe (chaos)
rCold   . . .      Faith    .   (shield restricted)
rNeg    . . .      Spirit   .   b - +2 leather armour
rPois   .          Reflect  .   (helmet restricted)
rElec   .          Harm     .   (no cloak)
rCorr   .          Rampage  .   (no gloves)
Will    .....                   (no boots)
Stlth   +++.......              (no amulet)
HPRegen 0.09/turn               (no ring)
MPRegen 0.09/turn               (no ring)

@: death channeling
A: small, no large weapons, nightstalker 3, horns 1, iridescent scales 1
a: Renounce Religion


You were on level 2 of the Dungeon.
You worshipped Xom.
You were a favourite toy of Xom.
You visited 1 branch of the dungeon, and saw 2 of its levels.

You collected 53 gold pieces.
You spent 28 gold pieces at shops.

Inventory:

Hand Weapons
 a - a +0 hand axe of chaos (weapon)
 d - a +0 long sword of holy wrath
Armour
 b - a +2 leather armour (worn)
Potions
 e - a potion of curing
 h - a potion of heal wounds


   Skills:
 + Level 3.4 Fighting
 - Level 0.4 Long Blades
 + Level 2.7 Axes
 + Level 1.1 Armour
 * Level 3.3 Dodging
 * Level 2.2 Stealth


You had 3 spell levels left.
You didn't know any spells.
Your spell library was empty.

Dungeon Overview and Level Annotations

Branches:
Dungeon (2/15)

Altars:

Shops:
D:2 ?

Annotations:
D:2 Natasha


Innate Abilities, Weirdness & Mutations

You are small and have problems with some larger weapons.
You are completely attuned to the shadows.
You have a pair of small horns on your head.
You are partially covered in iridescent scales. (AC +2)


Message History

You open the door.
Natasha, Servant of Life and Death comes into view.
Natasha hisses angrily.
There is an open door here.
Natasha is nearby!
Natasha claws you!
You hit Natasha but do no damage.
Natasha changes into a shapeshifter!
Xom thinks this is hilarious!
Natasha the shapeshifter changes into an orb spider!
Unknown command.
You hit Natasha but do no damage.
Unknown command.
You hit Natasha but do no damage. Xom briefly touches your surroundings.
A door slams shut!
Unknown command.
Xom opens a gate.
Unknown command.
Unknown command.
Natasha weaves a glowing orb of energy.
The wavering orb of destruction weakly hits you!!
Ouch! That really hurt!
* * * LOW HITPOINT WARNING * * *
Unknown command.
You hit Natasha. You burn Natasha.
Natasha is lightly wounded.
Xom plays with reality for a moment.
Malign forces permeate your being, awaiting release.
Unknown command.
You hit Natasha.
Natasha is moderately wounded.
You swap places.
Your iron imp hits Natasha.
Natasha weaves a glowing orb of energy.
Your iron imp barely misses Natasha.
An orb of destruction comes into view.
Something bites your iron imp but does no damage.
The orb of destruction hits you!!!
Ouch! That really hurt!
You die...
Xom guffaws!

##.....####.#
#....### #.#
##...### #.#
#....##JJ #.####
#...## .[ ##.....
#...# #....#.
######...#
##......
#.5..##+##
#.......
+sā—‹ā—‹ā˜¼ā—‹@.#
#.......
#......##
##.......
+......#
#........
#......#
#........ ......#
#...####.
#...######
+.^.......
##########


You could see a friendly iron imp (summoned).

Vanquished Creatures
  An adder (D:2)
  A dart slug (D:1)
  2 bats
  An endoplasm (D:1)
  2 giant cockroaches (D:1)
  A goblin (D:1)
  12 jackals (D:1)
  4 quokkas (D:1)
  3 ball pythons (D:1)
  A frilled lizard (D:1)
  8 kobolds (D:1)
36 creatures vanquished.

Vanquished Creatures (collateral kills)
  A kobold (D:1)
1 creature vanquished.

Grand Total: 37 creatures vanquished

Notes
Turn   | Place    | Note
-------+----------+-------------------------------------------
     0 | D:1      | RichitheSlayer the Kobold Chaos Knight began the quest for
                  | the Orb.
     0 | D:1      | Reached XP level 1. HP: 14/14 MP: 1/1
    50 | D:1      | XOM: silly message
    83 | D:1      | Reached skill level 1 in Stealth
    86 | D:1      | Reached XP level 2. HP: 10/19 MP: 2/2
   298 | D:1      | XOM: potion effect (curing)
   436 | D:1      | XOM: noise
   539 | D:1      | Reached XP level 3. HP: 20/23 MP: 3/3
   587 | D:1      | Reached skill level 1 in Armour
   816 | D:1      | Found a faded altar of an unknown god.
   855 | D:1      | HP: 1/23 [poisoned by a kobold]
  1318 | D:1      | XOM: silly message
  1327 | D:1      | XOM: polymorph hobgoblin -> jackal
  1449 | D:1      | XOM: give mutations
  1449 | D:1      | Gained mutation: You are partially covered in iridescent
                  | scales. (AC +2) [Xom's grace]
  1449 | D:1      | Gained mutation: You have a pair of small horns on your
                  | head. [Xom's grace]
  1460 | D:2      | Reached XP level 4. HP: 28/28 MP: 4/4
  1481 | D:2      | Found Queq's Magic Scroll Boutique.
  1486 | D:2      | Bought a scroll of identify for 28 gold pieces
  1648 | D:2      | Noticed Natasha
  1650 | D:2      | Noticed Natasha
  1650 | D:2      | Natasha changed into Natasha the shapeshifter
  1650 | D:2      | Noticed Natasha
  1650 | D:2      | Natasha the shapeshifter changed into Natasha the orb
                  | spider
  1653 | D:2      | XOM: scenery: 1 doors close
  1654 | D:2      | XOM: summons friendly iron imp
  1656 | D:2      | HP: 1/28 [disintegration (21)]
  1657 | D:2      | XOM: cast spell 'Death Channel'
  1662 | D:2      | Blown up by Natasha the orb spider (shapeshifter)

Illustrated notes

Levels and vault maps discovered:
D:1:      psy_arrival_basics, layout_rooms,
          shapermc_ecumenical_altar_mp_vishouse, minmay_misc_feat_square,
          chequers_mini_garden
D:2:      layout_basic, serial_shops, shop, minmay_misc_feat_roman,
          lightli_corner_chamber, uniq_natasha, uniq_sigmund

Skill      XL: |  1  2  3 |
---------------+----------+-----
Stealth        | 1 2 |  2.2
Armour         | 1 |  1.1
Dodging        | 3 |  3.3
Fighting       | |  3.4
Long Blades    | |  0.4
Axes           | |  2.7

Action                   |  1- 3 |  4- 6 || total
-------------------------+-------+-------++-------
Melee: Long sword        |    11 |       ||    11
       Hand axe          |    77 |     8 ||    85
       Headbutt          |       |     1 ||     1
  Use: Scroll            |     3 |     1 ||     4
 Stab: Sleeping          |     7 |       ||     7
Armor: Leather armour    |    53 |     2 ||    55
Dodge: Dodged            |   138 |     6 ||   144
       Rpst.: Long sword |    13 |       ||    13

Table legend: (Time is in decaauts)
 A = Elapsed time spent in this place.
 B = Non-inter-level travel time spent in this place.
 C = Inter-level travel time spent in this place.
 D = Time resting spent in this place.
 E = Time spent auto-exploring this place.
 F = Levels seen in this place.
 G = Mean time per level.
                   A        B        C        D        E       F      G
               +--------+--------+--------+--------+--------+-----+--------+
         Total |   1680 |   1680 |      0 |    100 |   1280 |   2 |  840.0 |
       Dungeon |   1680 |   1680 |      0 |    100 |   1280 |   2 |  840.0 |
               +--------+--------+--------+--------+--------+-----+--------+

Top non-repeatable levels by time:
     D:1: 1468 daAuts
     D:2: 211 daAuts
